 Dungeon Crawl Stone Soup version 0.31-a0-949-g57150269e1 (webtiles) character file.

Game seed: 8001186530943027049

1444 garrulousMonolith the Cudgeller (level 8, -6/51 HPs)
             Began as a Gargoyle Fighter on Oct 22, 2023.
             Was a Follower of Okawaru.
             Mangled by a hornet (9 damage)
             ... on level 4 of the Dungeon.
             The game lasted 00:06:02 (4625 turns).

garrulousMonolith the Cudgeller (Gargoyle Fighter)  Turns: 4625, Time: 00:06:03

Health: -6/51      AC: 20    Str: 20      XL:     8   Next: 74%
Magic:  11/11      EV:  6    Int:  9      God:    Okawaru [*.....]
Gold:   315        SH:  5    Dex: 10 (11) Spells: 7/7 levels left

rFire   . . .        a - +0 flail
rCold   + . .        c - +0 buckler
rNeg    + . .        w - +0 plate armour
rPois   ∞            r - +0 helmet
rElec   +            (no cloak)
rCorr   .            g - +0 pair of gloves
SInv    .            (no boots)
Will    .....        (no amulet) Stlth
                     e - ring of protection from cold
HPRegen 0.28/turn    (no ring)
MPRegen 0.12/turn

%: no passive effects
@: no status effects
A: sickness immunity, AC +5, negative energy resistance 1, electricity
resistance, torment resistance 1, petrification resistance
a: Renounce Religion, Heroism


You were on level 4 of the Dungeon.
You worshipped Okawaru.
Okawaru was aware of your devotion.
You visited 2 branches of the dungeon, and saw 7 of its levels.
You also visited: Sewer.

You collected 315 gold pieces.

Inventory:

Hand Weapons
 a - a +0 flail (weapon)
 s - a +0 mace
Missiles
 x - 5 poisoned darts
Armour
 b - a +0 scale mail
 c - a +0 buckler (worn)
 g - a +0 pair of gloves (worn)
 r - a +0 helmet (worn)
 w - a +0 plate armour (worn)
Jewellery
 e - a ring of protection from cold (left hand)
 h - a ring of ice
Talismans
 z - a maw talisman
Wands
 d - a wand of paralysis (9)
Scrolls
 f - 2 scrolls of teleportation
 i - a scroll of vulnerability {unknown}
 o - 3 scrolls of poison {unknown}
 p - a scroll of fear {unknown}
 q - a scroll of noise {unknown}
 u - a scroll of summoning {unknown}
 v - a scroll of enchant armour {unknown}
 y - a scroll of identify
Potions
 k - 5 potions of haste
 l - a potion of degeneration {unknown}
 m - 6 potions of enlightenment
 n - a potion of brilliance {unknown}
 t - 4 potions of curing {unknown}


   Skills:
 + Level 5.7 Fighting
 * Level 6.4 Maces & Flails
 + Level 5.6 Armour
 + Level 5.6 Shields
 + Level 4.3 Invocations


You had 7 spell levels left.
You didn't know any spells.
Your spell library contained the following spells:

 Spells                   Type           Power      Damage    Failure   Level
 Blink                    Tloc           0%         N/A       100%        2
 Ensorcelled Hibernation  Hex/Ice        0%         N/A       100%        2
 Lesser Beckoning         Tloc           0%         N/A       100%        2
 Momentum Strike          Conj/Tloc      0%         3d8       100%        2


Dungeon Overview and Level Annotations

Branches:
Dungeon (6/15)             Temple (1/1) D:4           Sewer (visited)

Altars:
Ashenzari
Cheibriados
Dithmenos
Gozag
Makhleb
Nemelex Xobeh
Okawaru
Ru
Sif Muna
Trog
Uskayaw
Wu Jian
Xom
Yredelemnul
Zin
The Shining One

Annotations:
D:3 2 transporters
D:5 Eustachio


Innate Abilities, Weirdness & Mutations

You are immune to sickness and miasma.
Your stone body is resilient. (AC +5)
You are immune to poison.
You resist negative energy. (rN+)
You are resistant to electric shocks. (rElec)
You are resistant to unholy torment.
You are immune to petrification.


Message History

The hornet stings you but does no damage. x2
The hornet attacks as it pursues you! You block the hornet's attack.
The river rat attacks as it pursues you!
The river rat bites you.
* * * LOW HITPOINT WARNING * * *
The hornet stings you but does no damage.
There is a stone staircase leading up here.
The hornet stings you but does no damage.
The river rat bites you but does no damage.
The quasit bites you but does no damage.
The quasit claws you but does no damage. x2
The shadow imp lashes its tail.
You climb upwards.
There is a stone staircase leading down here.
You feel much better. The hornet stings you. The river rat closely misses you.
The hornet stings you but does no damage.
You closely miss the hornet.
The hornet is moderately wounded.
The hornet stings you! The river rat bites you.
You hit the hornet.
The hornet is heavily wounded.
The hornet stings you but does no damage.
The river rat bites you but does no damage.
The hornet stings you!
* * * LOW HITPOINT WARNING * * *
The hornet stings you.
* * * LOW HITPOINT WARNING * * *
The river rat bites you but does no damage.
The hornet stings you.
* * * LOW HITPOINT WARNING * * *
The river rat bites you but does no damage.
The hornet attacks as it pursues you!
The hornet stings you but does no damage.
There is a large open door here.
The hornet stings you but does no damage.
There is a large open door here.
You closely miss the hornet.
The hornet is heavily wounded.
The hornet stings you!
You die...

####...##.##
#......###......
#......##..##
##.......###...#
#......###..####......##
#####
#.....................#
#............#....#####
#....#)......#.>..#
#....#...^...##...#
#....#.......##...#
######.......@yr..#
#.......##...#
#.....[.++...#
#.......##...#
##########...########
##.....)...#
#########.#####
#.......... #...#.#####


You could see a hornet and a river rat.

Vanquished Creatures
  Sigmund (D:3)
  2 yaks (D:6)
  An orc warrior (D:5)
  An ice beast (D:4)
  A centaur (D:5)
  A phantom (D:4)
  3 scorpions (D:5)
  A howler monkey (D:5)
  A hound (D:5)
  A sleepcap (D:5)
  An orc priest (D:5)
  An iguana (D:5)
  An orc wizard (D:5)
  A malarious merfolk avatar (Sewer)
  A sickly merfolk siren (Sewer)
  Robin (D:3)
  4 gnolls
  3 adders
  4 river rats (Sewer)
  A worm (D:1)
  2 dart slugs
  4 orcs
  8 ball pythons
  7 bats
  9 endoplasms
  3 giant cockroaches
  6 hobgoblins
  8 jackals
  6 kobolds
  7 quokkas
  8 frilled lizards
  18 goblins
  25 rats
142 creatures vanquished.

Vanquished Creatures (others)
  5 dream sheep (D:3)
5 creatures vanquished.

Grand Total: 147 creatures vanquished

Notes
Turn   | Place    | Note
-------+----------+-------------------------------------------
     0 | D:1      | garrulousMonolith the Gargoyle Fighter began the quest for
                  | the Orb.
     0 | D:1      | Reached XP level 1. HP: 14/14 MP: 1/1
   428 | D:1      | Reached XP level 2. HP: 19/19 MP: 2/2
   955 | D:1      | Reached skill level 1 in Invocations
   955 | D:1      | Reached XP level 3. HP: 14/23 MP: 3/3
  1110 | D:1      | Reached XP level 4. HP: 25/29 MP: 3/5
  1140 | D:2      | Reached skill level 3 in Maces & Flails
  1769 | D:3      | Identified the of Awamy
  1877 | D:3      | Noticed a dream sheep
  1877 | D:3      | Noticed a dream sheep
  1877 | D:3      | Noticed a dream sheep
  1877 | D:3      | Noticed a dream sheep
  1877 | D:3      | Noticed a dream sheep
  1877 | D:3      | Found a shimmering altar of Xom.
  1881 | D:3      | Killed a dream sheep
  1881 | D:3      | Killed a dream sheep
  1881 | D:3      | Killed a dream sheep
  1881 | D:3      | Killed a dream sheep
  1882 | D:3      | Killed a dream sheep
  2069 | D:3      | Found a shadowy altar of Dithmenos.
  2137 | D:3      | Noticed Robin
  2182 | D:3      | Noticed a black bear
  2185 | D:3      | Noticed an orc warrior
  2186 | D:3      | Found a basalt altar of Yredelemnul.
  2186 | D:3      | Noticed a phantom
  2193 | D:3      | Found a transporter.
  2202 | D:3      | Found a transporter.
  2524 | D:3      | Killed Robin
  2527 | D:3      | Reached XP level 5. HP: 19/33 MP: 6/6
  2837 | D:3      | Noticed Sigmund
  2844 | D:3      | Killed Sigmund
  2845 | D:3      | Reached skill level 4 in Maces & Flails
  2845 | D:3      | Reached XP level 6. HP: 38/39 MP: 7/7
  2948 | D:4      | Found a staircase to the Ecumenical Temple.
  2973 | Temple   | Entered the Ecumenical Temple
  3023 | Temple   | Became a worshipper of Warmaster Okawaru
  3068 | D:4      | Noticed an ice beast
  3078 | D:4      | Killed an ice beast
  3262 | D:4      | Reached XP level 7. HP: 44/44 MP: 9/9
  3458 | D:5      | Identified the "Nekypnu"
  3458 | D:5      | Entered Level 5 of the Dungeon
  3570 | D:5      | Reached * piety under Okawaru
  3571 | D:5      | Reached skill level 5 in Maces & Flails
  3609 | D:5      | Reached skill level 5 in Fighting
  3648 | D:5      | Reached skill level 5 in Shields
  3701 | D:5      | Reached skill level 5 in Armour
  3746 | D:5      | Reached XP level 8. HP: 47/49 MP: 10/10
  3883 | D:5      | Found a bloodstained altar of Trog.
  3899 | D:5      | Found a shimmering blue altar of Sif Muna.
  4056 | D:6      | Noticed a hornet
  4074 | D:6      | Noticed Eustachio
  4074 | D:6      | Found a glowing drain.
  4076 | D:6      | Noticed a yak
  4083 | D:6      | Noticed a yak
  4083 | D:6      | Noticed a yak
  4085 | D:6      | Noticed a yak
  4088 | Sewer    | Entered a sewer
  4512 | D:6      | Killed a yak
  4513 | D:6      | Reached skill level 6 in Maces & Flails
  4526 | D:6      | Killed a yak
  4621 | D:4      | HP: 2/51 [hornet (4)]
  4625 | D:4      | Mangled by a hornet

Illustrated notes

Levels and vault maps discovered:
D:1:      minmay_arrival_diagonal_passages, layout_basic, hex_large
D:2:      layout_loops_ring, minivault_19, amcnicky_mini_pool_small
D:3:      layout_basic, kb_xom_exploding_sheep, nicolae_dithmenos_shadow_blocks,
          gammafunk_temple_overflow_arena, minmay_strange_pillars, uniq_robin,
          uniq_sigmund
D:4:      layout_basic, minmay_temple_entry_steel_oval
D:5:      layout_rooms, nzn_overflow_gifts_of_might_and_magic
D:6:      dreamdust_elfheim, layout_rooms, amcnicky_altar_gilded,
          mainiacjoe_overflow_brackets, cheibrodos_sewer_entry_sluice,
          kennysheep_path_1, uniq_eustachio
Temple:   bh_familiar_temple

Skill      XL: |  1  2  3  4  5  6  7  8 |
---------------+-------------------------+-----
Invocations    | 1 2 3 4 |  4.3
Maces & Flails | 3 4 5 6 |  6.4
Fighting       | 4 5 |  5.7
Armour         | 4 5 |  5.6
Shields        | 4 5 |  5.6

Action                     |  1- 3 |  4- 6 |  7- 9 || total
---------------------------+-------+-------+-------++-------
  Melee: Flail             |    96 |   127 |   328 ||   551
 Invoke: Heroism           |       |       |     2 ||     2
  Evoke: Wand              |       |       |     1 ||     1
    Use: Scroll            |     1 |     3 |     1 ||     5
         Potion            |       |     1 |     2 ||     3
   Stab: Paralysed         |       |       |     4 ||     4
 Armour: Scale mail        |    93 |   101 |    87 ||   281
         Plate armour      |       |       |   249 ||   249
  Dodge: Dodged            |    52 |    52 |   114 ||   218
  Block: Buckler           |    19 |    19 |    93 ||   131

Table legend: (Time is in decaauts)
 A = Elapsed time spent in this place.
 B = Non-inter-level travel time spent in this place.
 C = Inter-level travel time spent in this place.
 D = Time resting spent in this place.
 E = Time spent auto-exploring this place.
 F = Levels seen in this place.
 G = Mean time per level.
                   A        B        C        D        E       F      G
               +--------+--------+--------+--------+--------+-----+--------+
         Total |   4758 |   4592 |    166 |    458 |   2910 |   8 |  594.8 |
       Dungeon |   4242 |   4133 |    109 |    458 |   2729 |   6 |  707.0 |
        Temple |     69 |     12 |     57 |      0 |      2 |   1 |   69.0 |
         Sewer |    446 |    446 |      0 |      0 |    179 |   1 |  446.0 |
               +--------+--------+--------+--------+--------+-----+--------+

Top non-repeatable levels by time:
     D:3: 1144 daAuts
     D:1: 1069 daAuts
     D:2: 741 daAuts
     D:5: 695 daAuts
     D:4: 508 daAuts
   Sewer: 446 daAuts
     D:6: 82 daAuts
  Temple: 69 daAuts
